 Dungeon Crawl Stone Soup version 0.20.1-1-g8b1a95d (webtiles) character file.

214 Linguinho the Cutter (level 5, 24/53 HPs)
             Began as a Troll Monk on Nov 13, 2017.
             Quit the game on level 3 of the Dungeon.
             The game lasted 00:04:10 (1913 turns).

Linguinho the Cutter (Troll Monk)                   Turns: 1913, Time: 00:04:11

Health: 24/53      AC:  5    Str: 20    XL:     5   Next: 59%
Magic:  4/4        EV: 11    Int:  6    God:
Gold:   157        SH:  0    Dex: 12    Spells: 4/4 levels left

rFire    . . .     SeeInvis .   a - +0 short sword
rCold    . . .     Gourm    +   (no shield)
rNeg     . . .     Faith    .   b - +0 robe
rPois    .         Spirit   .   (helmet restricted)
rElec    .         Reflect  .   (no cloak)
rCorr    .         Harm     .   (gloves unavailable)
MR       .....                  (boots unavailable)
Stlth    ++........             (no amulet)
Regen    0.6/turn               (no ring)
MPRegen  0.1/turn               (no ring)

@: flying (expiring)
A: unfitting armour, claws 3, fast metabolism 3, gourmand, regeneration 1,
shaggy fur 1, tough skin 2
a: no special abilities


You were on level 3 of the Dungeon.
You were very full.

You visited 1 branch of the dungeon, and saw 3 of its levels.

You collected 157 gold pieces.

Inventory:

Hand Weapons
 a - a +0 short sword (weapon)
Armour
 b - a +0 robe (worn)
Jewellery
 j - an uncursed ring of see invisible {unknown}
 o - a cursed ring of teleportation {unknown}
Scrolls
 d - a scroll of blinking {unknown}
 e - a scroll of remove curse
 h - a scroll of magic mapping {unknown}
 i - a scroll of teleportation {unknown}
 k - 4 scrolls of identify {unknown}
 m - a scroll of amnesia {unknown}
 n - a scroll of enchant weapon
Potions
 q - 2 potions of brilliance
Comestibles
 c - 3 bread rations
 f - 2 meat rations
 p - 3 fruits


   Skills:
 + Level 3.3 Fighting
 + Level 3.7 Short Blades
 + Level 3.5 Dodging
 - Level 1.2 Stealth


You had 4 spell levels left.
You didn't know any spells.

Dungeon Overview and Level Annotations

Branches:
Dungeon (3/15)

Altars:


Innate Abilities, Weirdness & Mutations

You are too large for most types of armour.
You have claws for hands.
Your metabolism is lightning-fast.
You like to eat raw meat.
Your natural rate of healing is unusually fast.
You are covered in fur. (AC +1)
You have very tough skin. (AC +2)


Message History

You kill the goblin!
Things that are here:
an uncursed club; an uncursed hunting sling; 11 stones
Found 8 gold pieces.
Found a stone staircase leading up.
You feel a little less clever now.
Things that are here:
an uncursed club; an uncursed hunting sling; 11 stones
Things that are here:
a club; a stone You are starting to lose your buoyancy.
Things that are here:
a club; a stone Unknown command.
Unknown command.
Unknown command.
Quiver which item? (- for none, * to show all) (? for menu, Esc to quit)
Okay, then.
Okay, then.
Are you sure you want to abandon this character and quit the game? (Confirm with "yes".)

.## #..........#
..##### #..........#..#
......# #......>#..#
......#### #.#)..# ...#
.........## #..†.##
#..# ##....##..#
##..#.####$.###
#....###.#
#(............# #....#
#.#######.............#
#....#
#.(.....@)............#
#....#
############..........#
###### #.........<#
#..........#
######.....# #.....#
#######


There were no monsters in sight!

Vanquished Creatures
  A hound (D:3)
  Natasha (twice) (D:2)
  Terence (D:2)
  Robin (D:3)
  2 adders
  3 oozes
  2 dart slugs (D:1)
  A leopard gecko (D:2)
  3 giant cockroaches
  14 goblins
  9 hobgoblins
  A jackal (D:1)
  8 kobolds
  A quokka (D:2)
  5 bats
  5 frilled lizards
  6 rats
65 creatures vanquished.

Notes
Turn   | Place    | Note
-------+----------+-------------------------------------------
     0 | D:1      | Linguinho the Troll Monk began the quest for the Orb.
     0 | D:1      | Reached XP level 1. HP: 22/22 MP: 0/0
    38 | D:1      | Reached XP level 2. HP: 25/29 MP: 1/1
   834 | D:2      | Noticed Terence
   865 | D:2      | Killed Terence
   865 | D:2      | Reached XP level 3. HP: 15/36 MP: 2/2
  1097 | D:2      | Reached XP level 4. HP: 37/44 MP: 3/3
  1140 | D:2      | Noticed Natasha
  1153 | D:2      | Killed Natasha
  1320 | D:2      | Noticed Natasha
  1339 | D:2      | Killed Natasha
  1469 | D:3      | Reached XP level 5. HP: 50/53 MP: 4/4
  1480 | D:3      | Noticed Robin
  1510 | D:3      | HP: 2/53 [hobgoblin/club[Robin] (7)]
  1839 | D:3      | Killed Robin
  1868 | D:3      | HP: 2/53 [hound (2)]
  1913 | D:3      | Quit the game

Skill      XL: |  1  2  3  4 |
---------------+-------------+-----
Dodging        | 3 |  3.5
Short Blades   | 3 |  3.7
Fighting       | 3 |  3.3
Stealth        | |  1.2

Action                   |  1- 3 |  4- 6 || total
-------------------------+-------+-------++-------
Melee: Short sword       |   121 |   168 ||   289
  Use: Scroll            |       |     3 ||     3
       Potion            |       |     2 ||     2
 Stab: Sleeping          |     1 |     2 ||     3
  Eat: Chunk             |    13 |     9 ||    22
Armor: Robe              |    34 |   101 ||   135
Dodge: Dodged            |    76 |   179 ||   255
